 Dungeon Crawl Stone Soup version 0.20-a0-40-gb6e7b4f (webtiles) character file.

75184 Faca the Warrior (level 15, -29/144 HPs)
             Began as a Minotaur Berserker on Nov 11, 2016.
             Was the Champion of Trog.
             Killed from afar by an ancient lich (51 damage)
             ... with a bolt of lightning
             ... on level 1 of the Depths.
             The game lasted 03:06:17 (20238 turns).

Faca the Warrior (Minotaur Berserker)              Turns: 20238, Time: 03:06:20

Health: -29/144    AC: 33    Str: 20    XL:     15   Next: 8%
Magic:  23/23      EV: 19    Int: 10    God:    Trog [******]
Gold:   1455       SH:  0    Dex: 32    Spells: 0 memorised, 14 levels left

rFire  . . .     SeeInvis .     G - +6 executioner's axe of Enyesm Juew {chop, rC+ Int+6 Dex+8 Stlth-}
rCold  + . .     Gourm    .     s - +10 plate armour "Boploph" {rPois Dex+3}
rNeg   . . .     Faith    +     (shield currently unavailable)
rPois  +         Spirit   .     (helmet restricted)
rElec  .         Reflect  .     K - +0 cloak
rCorr  +         Harm     .     b - +1 pair of gloves
MR     +....                    P - +0 pair of boots
Stlth  ..........               d - amulet of faith
                                o - ring of resist corrosion
                                n - ring of Anguxt {MP+9 Str-5 Dex+8}

@: no status effects
A: retaliatory headbutt, horns 2, screaming 1
a: Berserk, Trog's Hand, Brothers in Arms, Burn Spellbooks, Renounce Religion


You were on level 1 of the Depths.
You worshipped Trog.
Trog was exalted by your worship.
You were not hungry.

You visited 4 branches of the dungeon, and saw 21 of its levels.
You also visited: Sewer.

You collected 1682 gold pieces.
You spent 227 gold pieces at shops.

Inventory:

Hand Weapons
 p - a +0 great sword of flaming
 C - a +2 long sword of protection
 G - the +6 executioner's axe of Enyesm Juew (weapon) {chop, rC+ Int+6 Dex+8 Stlth-}
   (Trog gifted it to you on level 6 of the Dungeon)

   It inflicts extra damage upon your enemies.
   It affects your intelligence (+6).
   It affects your dexterity (+8).
   It protects you from cold.
   It makes you less stealthy.
 R - a +3 broad axe of chopping
 U - the +4 battleaxe "Qoir" {chop, MR+}
   (Trog gifted it to you on level 14 of the Dungeon)

   It inflicts extra damage upon your enemies.
   It affects your resistance to hostile enchantments.
Missiles
 v - 5 poisoned javelins (quivered)
 B - 11 tomahawks of returning
Armour
 b - a +1 pair of gloves (worn)
 i - +0 fire dragon scales
 s - the +10 plate armour "Boploph" (worn) {rPois Dex+3}
   (You found it in a sewer)

   It affects your dexterity (+3).
   It protects you from poison.
 K - a +0 cloak (worn)
 P - a +0 pair of boots (worn)
Jewellery
 d - an amulet of faith (around neck)
 k - an uncursed ring of poison resistance
 n - the ring of Anguxt (left hand) {MP+9 Str-5 Dex+8}
   (You acquired it on level 7 of the Dungeon)

   [ring of magical power]

   It affects your strength (-5).
   It affects your dexterity (+8).
   It affects your magic capacity (+9).
 o - a ring of resist corrosion (right hand)
 H - an uncursed ring of protection from fire
Scrolls
 j - 6 scrolls of enchant weapon
 m - 5 scrolls of teleportation
 q - 2 scrolls of blinking
 u - 2 scrolls of remove curse
 y - 2 scrolls of magic mapping
 F - 3 scrolls of enchant armour
 L - 2 scrolls of fear
 N - 3 scrolls of fog
 O - a scroll of brand weapon
Potions
 a - 4 potions of might {unknown}
 e - 6 potions of curing
 h - 3 potions of lignification
 l - 2 potions of mutation {unknown}
 r - a potion of beneficial mutation {unknown}
 w - 4 potions of brilliance {unknown}
 x - a potion of berserk rage {unknown}
 z - a potion of ambrosia {unknown}
 J - a potion of haste {unknown}
 M - a potion of invisibility {unknown}
 T - a potion of flight
 X - a potion of agility {unknown}
Comestibles
 c - 6 bread rations
 f - 7 beef jerkies
 g - 9 meat rations
 t - 7 fruits
 D - 4 royal jellies
 E - 3 slices of pizza


   Skills:
 + Level 16.1 Fighting
 + Level 15.9 Axes
 + Level 15.7 Armour
 + Level 14.2 Dodging


You had 14 spell levels left.
You didn't know any spells.

Dungeon Overview and Level Annotations

Branches:
Dungeon (15/15)            Temple (0/1) D:4            Lair (3/6) D:8
    Orc (2/2) D:12            Elf (0/3) Orc:2        Vaults (0/5) D:14
 Depths (1/5) D:15
  Swamp: Lair:2-4    Shoals: Lair:2-4     Snake: Lair:2-4    Spider: Lair:2-4

Altars:
Ashenzari
Dithmenos
Kikubaaqudgha
Okawaru
Qazlal
Ru
Sif Muna
The Shining One
Beogh

Shops:
D:4 =!??   D:8 *   Orc:2 }*}

Portals:
Hell: Depths:1
Abyss: Depths:1

Annotations:
D:15 exclusion: Roxanne, Roxanne


Innate Abilities, Weirdness & Mutations

You reflexively headbutt those who attack you in melee.
You have a pair of horns on your head.
You occasionally shout uncontrollably at your foes.


Message History

You closely miss the ancient lich. Your headbutt misses the ancient lich.
The ancient lich completely misses you. You furiously retaliate!
You headbutt the ancient lich, but do no damage.
The ancient lich casts a spell at you. The bolt of lightning hits you! x2
You hit the ancient lich but do no damage.
The ancient lich mumbles some strange words.
The ancient lich touches you but does no damage.
You slash the ancient lich!
You headbutt the ancient lich, but do no damage.
The ancient lich is moderately damaged.
The ancient lich completely misses you. x2; You furiously retaliate!
You headbutt the ancient lich, but do no damage.
You hit the ancient lich.
The ancient lich is moderately damaged.
The ancient lich casts a spell at you. The bolt of lightning hits you!
* * * LOW HITPOINT WARNING * * *
The bolt of lightning hits you!
You die...

#.......#
#....†[.#
#..)....#
#.......#
#.......#######
#..(....'.....####
.†......##.......#
........##.#####)#
#...###'##'# #@#
##'## ...... #L#
.#.# ...... ..#
.#.# .......# ##z#
##.# .>.....# #.#
##.# ....## #.#
...# ..# .#.# ..#
.#


You could see an ancient lich and a skeletal warrior.

Vanquished Creatures
  A fire giant (D:15)
  An orc warlord (Orc:2)
  A stone giant (Depths:1)
  The ghost of ZappyNine the Peltast, a journeyman GrFi of Okawaru (Depths:1)
  A vampire knight (Depths:1)
  An ettin (Depths:1)
  3 fire dragons (Depths:1)
  Josephine (D:10)
  A hydra (D:13)
  2 ice dragons (Depths:1)
  3 vault guards (D:14)
  A centaur warrior (D:13)
  Erica (D:8)
  4 orc high priests
  A titan skeleton (Depths:1)
  Nergalle (D:12)
  A deep troll (Depths:1)
  A wizard (D:14)
  Pikel (D:6)
  4 orc knights (Orc:2)
  2 necromancers
  4 hill giants
  3 orc sorcerers
  19 ugly things
  5 manticores
  4 cyclopes
  Maurice (D:10)
  2 black mambas (Lair:2)
  A centaur zombie (D:11)
  Joseph (D:8)
  2 gargoyles
  A black mamba (shapeshifter) (D:15)
  3 komodo dragons
  4 kobold demonologists (D:13)
  A yaktaur zombie (Depths:1)
  2 rime drakes
  An efreet (D:15)
  7 spiny frogs
  4 trolls
  3 two-headed ogres (Orc:2)
  Grinder (D:6)
  A raiju (shapeshifter) (D:15)
  An ice dragon zombie (Depths:1)
  A dream sheep (shapeshifter) (Depths:1)
  8 hippogriffs
  3 shadows
  Sigmund (D:2)
  A vampire (D:12)
  3 wraiths (D:10)
  22 humans
  18 yaks
  Grum (D:8)
  5 vampire mosquitoes (D:12)
  2 hungry ghosts
  A steam dragon (D:8)
  3 mottled dragons
  A tengu zombie (Depths:1)
  3 wargs
  4 water moccasins
  3 ice beasts
  2 porcupines
  3 sky beasts
  A swamp drake (D:12)
  37 orc warriors
  An eye of draining (D:11)
  20 ogres
  A slave (D:6)
  A phantom (D:11)
  A necrophage (D:10)
  10 wolves
  7 centaurs
  5 crocodiles
  6 big kobolds
  16 bullfrogs
  5 scorpions
  12 killer bees
  3 wights (D:14)
  10 crimson imps
  2 bullfrog zombies
  4 hounds
  3 jellies
  26 orc priests
  25 orc wizards
  9 centaur skeletons
  4 iguanas
  10 worker ants
  A hound zombie (D:10)
  6 gnolls
  A river rat (D:3)
  14 adders
  2 shadow imps
  A white imp (Depths:1)
  10 oozes
  2 adder skeletons
  An adder zombie (D:9)
  2 worms
  A dart slug (D:2)
  14 leopard geckos
  103 orcs
  13 giant cockroaches
  15 goblins
  3 hobgoblins
  8 jackals
  5 quokkas
  14 ball pythons
  5 bats
  12 frilled lizards
  25 kobolds
  2 leopard gecko skeletons
  5 rats
673 creatures vanquished.

Vanquished Creatures (collateral kills)
  The ghost of kazak the Severer, an adept DDFi of Makhleb (Depths:1)
  An orc warlord (Orc:2)
  A deep troll shaman (Depths:1)
  3 deep troll earth magi (Depths:1)
  An iron troll (Depths:1)
  3 deep trolls (Depths:1)
  An orc warrior (Orc:2)
  An orc priest (Orc:2)
  An orc (Orc:2)
13 creatures vanquished.

Vanquished Creatures (others)
  A deep troll zombie (Depths:1)
  A shadow (D:13)
  A hound (D:6)
  An orc wizard (D:6)
  4 orcs (D:6)
  A fungus (Lair:1)
  A plant (Lair:1)
10 creatures vanquished.

Grand Total: 696 creatures vanquished

Notes
Turn   | Place    | Note
-------+----------+-------------------------------------------
     0 | D:1      | Faca the Minotaur Berserker began the quest for the Orb.
     0 | D:1      | Reached XP level 1. HP: 19/19 MP: 0/0
   231 | D:1      | Reached XP level 2. HP: 27/27 MP: 1/1
  1039 | D:2      | Reached ** piety under Trog
  1068 | D:2      | Reached XP level 3. HP: 33/33 MP: 2/2
  1081 | D:2      | Reached skill level 4 in Fighting
  1130 | D:2      | Noticed Sigmund
  1161 | D:2      | Killed Sigmund
  1161 | D:2      | Reached skill level 5 in Axes
  1161 | D:2      | Reached XP level 4. HP: 16/41 MP: 3/3
  1161 | D:2      | Reached XP level 5. HP: 18/47 MP: 4/4
  1408 | D:2      | Found a stormy altar of Qazlal.
  1462 | D:2      | Found a shattered altar of Ashenzari.
  2154 | D:3      | Reached skill level 5 in Fighting
  2238 | D:3      | Reached XP level 6. HP: 56/56 MP: 5/5
  2405 | D:3      | Found a glowing drain.
  2411 | Sewer    | Entered a sewer
  2413 | Sewer    | Reached *** piety under Trog
  2567 | Sewer    | Reached **** piety under Trog
  2579 | Sewer    | Received a gift from Trog
  2656 | Sewer    | Reached skill level 5 in Armour
  2656 | Sewer    | Reached XP level 7. HP: 49/61 MP: 6/6
  2665 | Sewer    | Got a dazzling plate armour
  2676 | Sewer    | Identified the +10 plate armour "Boploph" {rPois Dex+3} (You found it in a sewer)
  3127 | D:4      | Found Voghic's Magic Scroll Shoppe.
  3130 | D:4      | Bought a scroll of enchant weapon for 75 gold pieces
  3130 | D:4      | Bought a scroll of identify for 20 gold pieces
  3130 | D:4      | Bought a scroll of identify for 20 gold pieces
  3130 | D:4      | Bought a scroll of remove curse for 30 gold pieces
  3185 | D:4      | Found a shadowy altar of Dithmenos.
  3341 | D:4      | Reached skill level 6 in Fighting
  3369 | D:4      | Reached ***** piety under Trog
  3374 | D:4      | Reached skill level 5 in Dodging
  3582 | D:4      | Found Jaotuell's Distillery.
  3629 | D:4      | Found Eklotanym's Jewellery Shop.
  3840 | D:4      | Found a staircase to the Ecumenical Temple.
  3886 | D:4      | Found Teiss's Magic Scroll Shop.
  3906 | D:4      | Bought a scroll of enchant weapon for 82 gold pieces
  3983 | D:5      | Entered Level 5 of the Dungeon
  4563 | D:5      | Reached XP level 8. HP: 47/71 MP: 7/7
  4734 | D:5      | Received a gift from Trog
  4739 | D:5      | Reached skill level 7 in Fighting
  4752 | D:5      | Got a heavily runed ring mail
  4765 | D:5      | Identified the +2 ring mail of Valiance {+Blink rPois Str-4 Dex-5} (You took it off an orc on level 5 of the Dungeon)
  5203 | D:6      | Found a glowing golden altar of the Shining One.
  5203 | D:6      | Found a shattered altar of Ashenzari.
  5238 | D:6      | Noticed Pikel
  5248 | D:6      | Killed Pikel
  5439 | D:6      | Noticed Grinder
  5442 | D:6      | Reached skill level 8 in Fighting
  5442 | D:6      | Reached XP level 9. HP: 81/81 MP: 8/8
  5455 | D:6      | Paralysed by Grinder for 2 turns
  5464 | D:6      | Killed Grinder
  5786 | D:6      | Found a deep blue altar of Sif Muna.
  5849 | D:6      | Received a gift from Trog
  5850 | D:6      | Got an ichor-stained executioner's axe {god gift}
  5864 | D:6      | Identified the +6 executioner's axe of Enyesm Juew {chop, rC+ Int+6 Dex+8 Stlth-} (Trog gifted it to you on level 6 of the Dungeon)
  6040 | D:7      | Identified a scroll of acquirement
  6042 | D:7      | Got an ancient copper ring
  6043 | D:7      | Identified the ring of Anguxt {MP+9 Str-5 Dex+8} (You acquired it on level 7 of the Dungeon)
  6384 | D:7      | Found an iron altar of Okawaru.
  6592 | D:8      | Reached skill level 9 in Fighting
  6801 | D:8      | Noticed Grum
  6807 | D:8      | Killed Grum
  6811 | D:8      | Reached XP level 10. HP: 91/91 MP: 9/9
  6928 | D:8      | Noticed Erica
  6937 | D:8      | Killed Erica
  6993 | D:8      | Noticed Joseph
  6994 | D:8      | Found Ysmurias's General Store.
  7003 | D:8      | Killed Joseph
  7003 | D:8      | Reached skill level 10 in Fighting
  7003 | D:8      | Reached skill level 10 in Axes
  7159 | D:8      | Found a staircase to the Lair.
  7616 | D:9      | Received a gift from Trog
  7815 | Lair:1   | Entered Level 1 of the Lair of Beasts
  7892 | Lair:1   | Reached skill level 10 in Armour
  7955 | Lair:1   | Noticed a spiny frog
  7957 | Lair:1   | Noticed a spiny frog
  7961 | Lair:1   | Killed a spiny frog
  7961 | Lair:1   | Reached XP level 11. HP: 82/101 MP: 10/10
  8111 | Lair:1   | Reached skill level 11 in Fighting
  8810 | Lair:2   | Reached skill level 10 in Dodging
  9410 | Lair:2   | Received a gift from Trog
  9815 | Lair:2   | Reached skill level 12 in Fighting
  9909 | Lair:3   | Noticed a six-headed hydra
 10023 | Lair:3   | HP: 2/104 [ten-headed hydra (5)]
 10414 | D:10     | Entered Level 10 of the Dungeon
 10649 | D:10     | Noticed Josephine
 10660 | D:10     | Killed Josephine
 10660 | D:10     | Reached XP level 12. HP: 72/112 MP: 11/11
 11116 | D:10     | Noticed Maurice
 11125 | D:10     | Killed Maurice
 11972 | D:11     | Received a gift from Trog
 12400 | D:12     | Found a sacrificial altar of Ru.
 12444 | D:12     | Reached skill level 13 in Fighting
 12581 | D:12     | You fall through a shaft!
 12581 | D:13     | Noticed a centaur warrior
 12589 | D:13     | Killed a centaur warrior
 12934 | D:13     | Noticed a five-headed hydra
 12957 | D:13     | Killed a five-headed hydra
 13167 | D:12     | Noticed Nergalle
 13174 | D:12     | Killed Nergalle
 13200 | D:12     | Found a sacrificial altar of Ru.
 13257 | D:12     | Reached ****** piety under Trog
 13257 | D:12     | Reached XP level 13. HP: 116/122 MP: 12/12
 13512 | D:12     | Received a gift from Trog
 13544 | D:12     | Found a staircase to the Orcish Mines.
 13667 | Orc:1    | Entered Level 1 of the Orcish Mines
 13709 | Orc:2    | Entered Level 2 of the Orcish Mines
 14026 | Orc:2    | Noticed an orc warlord
 14052 | Orc:2    | Killed an orc warlord
 14273 | Orc:2    | Found a roughly hewn altar of Beogh.
 14341 | Orc:2    | Found Utearche's Gadget Boutique.
 14388 | Orc:2    | Found Hyarymm's Assorted Antiques.
 14418 | Orc:2    | Reached skill level 14 in Fighting
 14596 | Orc:2    | Received a gift from Trog
 14736 | Orc:2    | Gained mutation: You occasionally shout uncontrollably at your foes. [mutagenic glow]
 14966 | Orc:2    | Noticed an orc warlord
 14997 | Orc:2    | HP: 2/124 [orc warrior/glaive[an orc warlord] (11)]
 15382 | Orc:2    | Found a staircase to the Elven Halls.
 15454 | Orc:2    | Killed an orc warlord
 15480 | Orc:2    | Found a roughly hewn altar of Beogh.
 15495 | Orc:2    | Found Jemeymon's Gadget Shop.
 15898 | Orc:1    | Paralysed by an orc sorcerer for 6 turns
 15913 | Orc:1    | Received a gift from Trog
 17464 | D:14     | Reached XP level 14. HP: 122/133 MP: 13/13
 17676 | D:14     | Received a gift from Trog
 17677 | D:14     | Got a crude battleaxe {god gift}
 17680 | D:14     | Identified the +4 battleaxe "Qoir" {chop, MR+} (Trog gifted it to you on level 14 of the Dungeon)
 17703 | D:14     | Found a gate to the Vaults.
 17711 | D:14     | Reached skill level 15 in Fighting
 17827 | D:15     | Entered Level 15 of the Dungeon
 17827 | D:15     | Found a staircase to the Depths.
 17827 | D:15     | Noticed a fire giant
 17848 | D:15     | Noticed Roxanne
 17966 | D:15     | Reached skill level 15 in Axes
 17994 | D:15     | Found a deep blue altar of Sif Muna.
 18056 | D:15     | Killed a fire giant
 18283 | D:15     | Found an ancient bone altar of Kikubaaqudgha.
 18417 | Depths:1 | Entered Level 1 of the Depths
 18417 | Depths:1 | Found a one-way gate to the infinite horrors of the Abyss.
 18465 | Depths:1 | Found a gateway to Hell.
 18477 | Depths:1 | Reached skill level 15 in Armour
 18592 | Depths:1 | Noticed kazak's ghost (adept DDFi)
 19184 | Depths:1 | Noticed a stone giant
 19276 | Depths:1 | Noticed ZappyNine's ghost (journeyman GrFi)
 19306 | Depths:1 | Killed ZappyNine's ghost
 19698 | Depths:1 | Received a gift from Trog
 19735 | Depths:1 | Noticed a stone giant
 19747 | Depths:1 | Noticed a vampire knight
 19747 | Depths:1 | Killed a stone giant
 19760 | Depths:1 | Paralysed by a vampire knight for 5 turns
 19765 | Depths:1 | Killed a vampire knight
 19765 | Depths:1 | Reached skill level 16 in Fighting
 19995 | Depths:1 | Killed kazak's ghost
 19995 | Depths:1 | Reached XP level 15. HP: 144/144 MP: 14/14
 20230 | Depths:1 | Noticed an ancient lich
 20238 | Depths:1 | Killed from afar by an ancient lich

Vault maps used:
D:1:      dpeg_arrival_lava_altar
D:2:      grunt_qazlal_clouds, ashenzari_altar_1, uniq_sigmund
D:3:      gup_sewer_entry_spiral, first_bread
D:4:      nicolae_dithmenos_through_a_glass_darkly, serial_shops, shop,
          shop_statue, kennysheep_mini_moat, nicolae_shop_waterfront
D:5:      minmay_joined_circles
D:6:      led_sif_book, gammafunk_temple_overflow_elements, uniq_pikel,
          uniq_grinder
D:7:      okawaru_humans
D:8:      lair_0_dummy, serial_shops, shop, grunt_ogre_cave, uniq_grum,
          uniq_erica, uniq_joseph
D:9:      zaba_anthole
D:10:     enter_bailey_7, uniq_josephine, uniq_maurice
D:12:     erik_orc_1, basic_altar, nicolae_ru_the_path_less_chosen,
          uniq_nergalle
D:14:     grunt_vaults_entry_tiered, minivault_24, minmay_misc_feat_encased
D:15:     grunt_enter_depths_giant_problem, basic_altar, kennysheep_flooded_box,
          minmay_crystal_room, lemuel_statue_altar, uniq_roxanne
Lair:1:   beast_lair_carwin_11
Lair:3:   minmay_swamp_entry_worms, minmay_snake_entry_guardpost_small,
          uniq_rupert
Orc:2:    pubby_orc_utopia
Depths:1: kennysheep_six_static_rooms, hangedman_coc_ice_floe, abyss_entry,
          special_room, grunt_pan_entry_zigzag, lemuel_flamethrower_1
Sewer:    sewer_frog_island_02

Skill      XL: |  1  2  3  4  5  6  7  8  9 10 11 12 13 14 |
---------------+-------------------------------------------+-----
Axes           | 4 5 6 8 9 10 12 13 14 15 | 15.9
Fighting       | 4 5 6 8 9 10 12 13 14 16 | 16.1
Armour         | 4 5 7 8 10 11 13 14 15 | 15.7
Dodging        | 3 4 5 6 7 9 10 11 13 14 | 14.2

Action                   |  1- 3 |  4- 6 |  7- 9 | 10-12 | 13-15 || total
-------------------------+-------+-------+-------+-------+-------++-------
Melee: Hand axe          |    74 |    12 |       |       |       ||    86
       Headbutt          |    11 |    19 |    38 |   129 |   217 ||   414
       War axe           |       |   148 |   162 |       |       ||   310
       Executioner's axe |       |       |    44 |   353 |   543 ||   940
       Lajatang          |       |       |       |     8 |       ||     8
       Club              |       |       |       |    11 |       ||    11
Throw: Tomahawk          |       |       |     8 |       |     4 ||    12
       Javelin           |       |       |       |       |     4 ||     4
Invok: Burn Spellbooks   |       |       |     6 |     2 |       ||     8
       Brothers in Arms  |       |       |       |       |     3 ||     3
  Use: Scroll            |     4 |     2 |    10 |     6 |     7 ||    29
       Potion            |     1 |       |       |     2 |     8 ||    11
 Stab: Distracted        |       |       |       |       |     1 ||     1
  Eat: Bread ration      |     1 |     1 |     1 |     1 |       ||     4
       Fruit             |       |       |     6 |     7 |       ||    13
       Meat ration       |       |       |     1 |     1 |     3 ||     5
       Beef jerky        |       |       |       |     2 |     4 ||     6
       Pizza             |       |       |       |     1 |     2 ||     3
Armor: Chain mail        |    32 |   100 |       |       |       ||   132
       Animal skin       |     5 |       |       |       |       ||     5
       Ring mail         |     1 |       |       |       |       ||     1
       Plate armour      |       |       |   128 |   358 |   354 ||   840
Dodge: Dodged            |    40 |    79 |   128 |   392 |   541 ||  1180
